 Dungeon Crawl Stone Soup version 0.23.2-33-g5129a83184 (webtiles) character file.

Game seed: 3784038465928935407

1164 Joat the Shield-Bearer (level 8, -1/62 HPs)
             Began as a Demonspawn Fighter on July 3, 2019.
             Was an Initiate of Dithmenos.
             Slain by a cyan ugly thing (14 damage)
             ... on level 6 of the Dungeon.
             The game lasted 00:14:28 (4362 turns).

Joat the Shield-Bearer (Demonspawn Fighter)         Turns: 4362, Time: 00:14:32

Health: -1/62      AC:  2    Str: 22    XL:     8   Next: 17%
Magic:  8/8        EV:  9    Int: 11    God:    Dithmenos [......]
Gold:   260        SH: 14    Dex: 13    Spells: 7/7 levels left

rFire    + . .     SeeInvis .   a - +2 dagger (venom)
rCold    . . .     Gourm    .   c - +0 shield
rNeg     . . .     Faith    .   v - +0 robe
rPois    .         Spirit   .   (helmet restricted)
rElec    .         Reflect  .   (no cloak)
rCorr    .         Harm     .   (no gloves)
MR       .....                  (no boots)
Stlth    ++........             (no amulet)
HPRegen  0.20/turn              h - ring of protection from fire
MPRegen  0.11/turn              (no ring)

@: mighty
A: antennae 2, large bone plates 1, nightstalker 1, powered by death 1
a: Renounce Religion


You were on level 6 of the Dungeon.
You worshipped Dithmenos.
Dithmenos was noncommittal.
You were not hungry.

You visited 1 branch of the dungeon, and saw 6 of its levels.

You collected 260 gold pieces.

Inventory:

Hand Weapons
 a - a +2 dagger of venom (weapon)
 b - a +2 dagger of flaming
 w - a +2 dagger of speed
Armour
 c - a +0 shield (worn)
 t - a +0 scale mail
 v - a +0 robe (worn)
Jewellery
 h - a ring of protection from fire (left hand)
Wands
 x - a wand of clouds (4)
Scrolls
 e - 6 scrolls of identify {unknown}
 i - a scroll of immolation {unknown}
 j - 2 scrolls of fear {unknown}
 k - a scroll of noise {unknown}
 l - a scroll of amnesia {unknown}
 m - a scroll of teleportation {unknown}
 n - a scroll of blinking {unknown}
 r - a scroll of fog {unknown}
Potions
 g - a potion of heal wounds {unknown}
 o - a potion of cancellation {unknown}
 p - 2 potions of lignification {unknown}
 q - 3 potions of flight {unknown}
 s - a potion of resistance {unknown}
 u - a potion of ambrosia {unknown}
Comestibles
 f - 7 rations
 y - 2 chunks of flesh


   Skills:
 - Level 5.0 Fighting
 + Level 4.5 Short Blades
   Level 2.9 Axes
 - Level 4.0 Armour
 + Level 0.0 Stealth
 + Level 5.9 Shields


You had 7 spell levels left.
You didn't know any spells.
Your spell library was empty.

Dungeon Overview and Level Annotations

Branches:
Dungeon (7/15)             Temple (0/1) D:4

Altars:
Dithmenos
Elyvilon
Sif Muna
The Shining One


Innate Abilities, Weirdness & Mutations

You have a pair of antennae on your head.
You are partially covered in large bone plates. (SH +4)
You are slightly more attuned to the shadows.
You regenerate a little health from kills.


Message History

You block the cyan ugly thing's attack. You block the cyan ugly thing's attack.
You hit the cyan ugly thing.
The cyan ugly thing looks as sick as possible!
The cyan ugly thing is heavily wounded.
The cyan ugly thing tentacle-slaps you! The cyan ugly thing shocks you!
* * * LOW HITPOINT WARNING * * *
You feel very mighty all of a sudden. You block the cyan ugly thing's attack.
You puncture the cyan ugly thing!
The cyan ugly thing looks as sick as possible!
The cyan ugly thing is severely wounded.
The cyan ugly thing tentacle-slaps you but does no damage.
You puncture the cyan ugly thing!
The cyan ugly thing looks as sick as possible!
The cyan ugly thing is almost dead.
The cyan ugly thing tentacle-slaps you.
* * * LOW HITPOINT WARNING * * *
The cyan ugly thing shocks you!
You die...

#. ..# ..... #.#
#.#.s####.# #...
..##.# ....#.##.#
###..#.##.#
..........#
############u####
#.....# #@#
#.(...# #.#
#.....# ####.###
#.....# #......#
#.....# #.#....#
####.#####..#.#.#
#.......##..#.#.#
#.##.##.##..#.#.#
#.......##.#....#


You could see a cyan ugly thing.

Vanquished Creatures
  A hippogriff (D:7)
  An orc warrior (D:6)
  A black bear (D:7)
  An ogre (D:4)
  A scorpion (D:4)
  2 crimson imps
  5 orc wizards
  A hound (D:6)
  3 orc priests
  Terence (D:2)
  3 worker ants
  2 adders (D:2)
  An ooze (D:2)
  An adder skeleton (D:7)
  3 worms
  A dart slug (D:4)
  2 leopard geckos
  6 orcs
  3 giant cockroaches
  14 goblins
  15 hobgoblins
  3 jackals (D:3)
  4 quokkas
  A ball python (D:1)
  11 bats
  5 frilled lizards
  11 kobolds
  4 rats
107 creatures vanquished.

Vanquished Creatures (others)
  Eustachio (D:4)
  4 toadstools (D:1)
5 creatures vanquished.

Grand Total: 112 creatures vanquished

Notes
Turn   | Place    | Note
-------+----------+-------------------------------------------
     0 | D:1      | Joat the Demonspawn Fighter began the quest for the Orb.
     0 | D:1      | Reached XP level 1. HP: 18/18 MP: 1/1
   305 | D:1      | Gained mutation: You have a pair of small antennae on your
                  | head. [demonic ancestry]
   305 | D:1      | Reached XP level 2. HP: 24/24 MP: 2/2
   572 | D:1      | Reached XP level 3. HP: 21/29 MP: 3/3
  1162 | D:2      | Found a white marble altar of Elyvilon.
  1362 | D:2      | Found a glowing golden altar of the Shining One.
  1401 | D:2      | Gained mutation: You regenerate a little health from kills.
                  | [demonic ancestry]
  1401 | D:2      | Reached XP level 4. HP: 31/35 MP: 4/4
  1606 | D:2      | Noticed Terence
  1618 | D:2      | Killed Terence
  2513 | D:3      | Gained mutation: You are slightly more attuned to the
                  | shadows. [demonic ancestry]
  2513 | D:3      | Reached XP level 5. HP: 42/42 MP: 5/5
  2711 | D:4      | Reached skill level 1 in Short Blades
  2711 | D:4      | Reached XP level 6. HP: 24/48 MP: 6/6
  3506 | D:4      | Noticed Eustachio
  3525 | D:4      | Killed Eustachio
  3525 | D:4      | Reached skill level 5 in Fighting
  3525 | D:4      | Gained mutation: You are partially covered in large bone
                  | plates. (SH +4) [demonic ancestry]
  3525 | D:4      | Reached XP level 7. HP: 39/56 MP: 7/7
  3641 | D:4      | Found a deep blue altar of Sif Muna.
  3684 | D:4      | Found a shadowy altar of Dithmenos.
  3697 | D:4      | Became a worshipper of Dithmenos the Shadowed
  3802 | D:4      | Found a staircase to the Ecumenical Temple.
  3840 | D:4      | You fall through a shaft for 3 floors!
  3860 | D:7      | Reached skill level 5 in Shields
  3865 | D:7      | Noticed a hippogriff
  3883 | D:7      | Killed a hippogriff
  3920 | D:7      | Noticed a +0 dagger
  4075 | D:6      | Gained mutation: You have a pair of antennae on your head.
                  | [demonic ancestry]
  4075 | D:6      | Reached XP level 8. HP: 62/62 MP: 8/8
  4349 | D:6      | Noticed a cyan ugly thing
  4362 | D:6      | Slain by a cyan ugly thing

Skill      XL: |  1  2  3  4  5  6  7 |
---------------+----------------------+-----
Axes           | 2 |  2.9
Armour         | 3 4 |  4.0
Shields        | 3 4 5 |  5.9
Fighting       | 4 5 |  5.0
Short Blades   | 1 2 4 |  4.5

Action                   |  1- 3 |  4- 6 |  7- 9 || total
-------------------------+-------+-------+-------++-------
Melee: War axe           |   153 |    98 |       ||   251
       Dagger            |       |    72 |   110 ||   182
  Use: Potion            |       |     2 |     1 ||     3
 Stab: Sleeping          |       |       |     1 ||     1
  Eat: Chunk             |     2 |     7 |     3 ||    12
Armor: Scale mail        |   107 |    76 |    31 ||   214
       Robe              |       |       |     1 ||     1
Dodge: Dodged            |    54 |    40 |    18 ||   112
Block: Shield            |    82 |    81 |    58 ||   221
